[ PARTIDA AOE2 · #484702501 ]
1v1 RMJemeres vs Chinese
Equipo del jugador · VICT
Equipo rival · DERR
[ ANÁLISIS DE REPETICIÓN · EXTRAÍDO DE LA PARTIDA GRABADA ]
Feudal
10:31
Castillos
19:11
Imperial
32:21
| APM promedio | 13.9 |
| APM pico | 23 |
| eAPM promedio | 10.0 |
| Aldeanos / militares | 99 / 13 |
Foco
⚔️ 10.5% · 🌾 89.5%
Ballista Elephant ×12 · Trebuchet (Packed) ×1
Feudal
12:40
Castillos
21:44
Imperial
36:34
| APM promedio | 12.9 |
| APM pico | 27 |
| eAPM promedio | 9.4 |
| Aldeanos / militares | 81 / 52 |
Foco
⚔️ 16.5% · 🌾 83.5%
Militia ×30 · Skirmisher ×20 · Monk ×2
Mapa de la partida
Recursos iniciales + cada clic de construcción. Líneas = muros · curvas = relieve. ◆ oro · ⬟ piedra · ● bayas · ✦ reliquia · ◌ hueco del cierre
Tu base· ✓ Cerrada en 19:11 · 6t muro · sin puerta
Base de AER1985· ✓ Cerrada en 21:44 · 9t muro · sin puerta
Terreno inicial suavizado · ◌ = hueco del cierre detectado · pasá el cursor para detalles
Inputs por minuto
— ricorerolulu - - AER1985
Build order — ricorerolulu
Primeras 150 de 225 acciones detectadas
| 0:01 | Crear | Villager (Male) |
| 0:01 | Crear | Villager (Male) |
| 0:01 | Crear | Villager (Male) |
| 0:02 | Crear | Villager (Male) |
| 0:02 | Construir | House |
| 1:15 | Construir | House |
| 1:23 | Construir | Palisade Wall |
| 1:31 | Crear | Villager (Male) |
| 1:32 | Crear | Villager (Male) |
| 2:33 | Crear | Villager (Male) |
| 2:33 | Crear | Villager (Male) |
| 3:20 | Crear | Villager (Male) |
| 3:21 | Crear | Villager (Male) |
| 4:02 | Crear | Villager (Male) |
| 4:15 | Crear | Villager (Male) |
| 4:47 | Crear | Villager (Male) |
| 4:48 | Crear | Villager (Male) |
| 5:02 | Crear | Villager (Male) |
| 5:02 | Crear | Villager (Male) |
| 5:02 | Crear | Villager (Male) |
| 5:30 | Crear | Villager (Male) |
| 5:30 | Crear | Villager (Male) |
| 5:30 | Crear | Villager (Male) |
| 5:56 | Crear | Villager (Male) |
| 5:56 | Crear | Villager (Male) |
| 5:56 | Crear | Villager (Male) |
| 6:20 | Construir | House |
| 6:24 | Investigar | Loom |
| 6:26 | Crear | Villager (Male) |
| 6:26 | Crear | Villager (Male) |
| 6:35 | Construir | Mill |
| 7:02 | Crear | Villager (Male) |
| 7:03 | Crear | Villager (Male) |
| 8:07 | Construir | Lumber Camp |
| 8:15 | Construir | House |
| 8:21 | Investigar | Feudal Age |
| 8:39 | Crear | Villager (Male) |
| 8:39 | Crear | Villager (Male) |
| 8:56 | Crear | Villager (Male) |
| 10:17 | Construir | House |
| 10:22 | Construir | House |
| 10:31 | Edad | Edad Feudal |
| 11:08 | Construir | Mining Camp |
| 11:13 | Investigar | Horse Collar |
| 11:16 | Crear | Villager (Male) |
| 11:17 | Crear | Villager (Male) |
| 11:25 | Construir | Farm |
| 11:37 | Construir | Farm |
| 12:00 | Crear | Villager (Male) |
| 12:00 | Crear | Villager (Male) |
| 12:11 | Investigar | Double-Bit Axe |
| 12:39 | Construir | Farm |
| 13:05 | Crear | Villager (Male) |
| 13:05 | Crear | Villager (Male) |
| 13:06 | Crear | Villager (Male) |
| 13:06 | Crear | Villager (Male) |
| 13:46 | Crear | Villager (Male) |
| 13:46 | Crear | Villager (Male) |
| 14:15 | Construir | Farm |
| 14:16 | Construir | Farm |
| 14:18 | Construir | Farm |
| 14:19 | Construir | Farm |
| 14:20 | Construir | Farm |
| 14:21 | Construir | Farm |
| 14:27 | Construir | Farm |
| 14:43 | Construir | House |
| 15:10 | Construir | Mining Camp |
| 15:43 | Construir | Farm |
| 15:45 | Construir | Farm |
| 15:51 | Crear | Villager (Male) |
| 15:58 | Construir | Farm |
| 16:10 | Construir | Farm |
| 16:31 | Investigar | Castle Age |
| 17:10 | Construir | House |
| 17:11 | Construir | House |
| 18:04 | Investigar | Stone Mining |
| 18:42 | Crear | Villager (Male) |
| 18:43 | Crear | Villager (Male) |
| 18:43 | Crear | Villager (Male) |
| 19:11 | Edad | Edad de los Castillos |
| 19:15 | Construir | Town Center |
| 19:27 | Investigar | Wheelbarrow |
| 19:34 | Investigar | Bow Saw |
| 19:36 | Investigar | Heavy Plow |
| 19:52 | Investigar | Stone Shaft Mining |
| 19:58 | Construir | Farm |
| 20:04 | Crear | Villager (Male) |
| 20:04 | Crear | Villager (Male) |
| 20:14 | Construir | Farm |
| 20:24 | Construir | House |
| 20:26 | Construir | House |
| 20:34 | Construir | Farm |
| 20:40 | Crear | Villager (Male) |
| 20:41 | Crear | Villager (Male) |
| 20:43 | Crear | Villager (Male) |
| 20:44 | Crear | Villager (Male) |
| 20:49 | Crear | Villager (Male) |
| 21:12 | Construir | Farm |
| 21:13 | Construir | Farm |
| 21:14 | Construir | Farm |
| 21:17 | Construir | Farm |
| 21:21 | Crear | Villager (Male) |
| 21:23 | Crear | Villager (Male) |
| 21:45 | Crear | Villager (Male) |
| 21:47 | Crear | Villager (Male) |
| 21:48 | Crear | Villager (Male) |
| 21:48 | Crear | Villager (Male) |
| 21:51 | Crear | Villager (Male) |
| 21:59 | Construir | Castle |
| 22:18 | Construir | Castle |
| 22:27 | Construir | Blacksmith |
| 22:31 | Construir | Farm |
| 22:32 | Crear | Villager (Male) |
| 22:32 | Crear | Villager (Male) |
| 22:32 | Crear | Villager (Male) |
| 22:36 | Crear | Villager (Male) |
| 22:36 | Crear | Villager (Male) |
| 22:36 | Crear | Villager (Male) |
| 22:44 | Construir | Farm |
| 22:45 | Construir | Farm |
| 22:47 | Construir | Farm |
| 22:56 | Construir | Farm |
| 22:57 | Construir | Farm |
| 23:05 | Construir | Farm |
| 23:06 | Crear | Villager (Male) |
| 23:06 | Crear | Villager (Male) |
| 23:25 | Construir | Farm |
| 23:26 | Construir | Farm |
| 24:05 | Investigar | Gold Mining |
| 24:30 | Crear | Villager (Male) |
| 24:30 | Crear | Villager (Male) |
| 24:33 | Crear | Villager (Male) |
| 24:33 | Crear | Villager (Male) |
| 24:48 | Investigar | Fletching |
| 24:56 | Construir | University |
| 25:24 | Construir | Mining Camp |
| 25:27 | Crear | Villager (Male) |
| 25:27 | Crear | Villager (Male) |
| 25:27 | Crear | Villager (Male) |
| 25:32 | Crear | Villager (Male) |
| 25:32 | Crear | Villager (Male) |
| 25:33 | Crear | Villager (Male) |
| 25:39 | Construir | Farm |
| 25:41 | Construir | Farm |
| 25:42 | Construir | Farm |
| 25:44 | Construir | Farm |
| 25:45 | Construir | Farm |
| 25:53 | Investigar | Bodkin Arrow |
| 26:32 | Investigar | Gold Shaft Mining |
| 26:38 | Crear | Villager (Male) |
Build order — AER1985
Primeras 150 de 216 acciones detectadas
| 0:04 | Construir | House |
| 0:05 | Construir | House |
| 0:35 | Investigar | Loom |
| 2:30 | Crear | Villager (Male) |
| 2:30 | Crear | Villager (Male) |
| 2:49 | Construir | Palisade Wall |
| 3:34 | Crear | Villager (Male) |
| 3:34 | Crear | Villager (Male) |
| 3:34 | Crear | Villager (Male) |
| 4:29 | Crear | Villager (Male) |
| 4:30 | Crear | Villager (Male) |
| 5:34 | Crear | Villager (Male) |
| 5:34 | Crear | Villager (Male) |
| 5:34 | Crear | Villager (Male) |
| 5:34 | Crear | Villager (Male) |
| 5:53 | Crear | Villager (Male) |
| 5:53 | Crear | Villager (Male) |
| 6:47 | Crear | Villager (Male) |
| 6:47 | Crear | Villager (Male) |
| 6:48 | Crear | Villager (Male) |
| 6:48 | Crear | Villager (Male) |
| 7:29 | Construir | Lumber Camp |
| 7:35 | Crear | Villager (Male) |
| 8:07 | Crear | Villager (Male) |
| 8:08 | Crear | Villager (Male) |
| 8:08 | Crear | Villager (Male) |
| 8:54 | Construir | Mill |
| 10:30 | Investigar | Feudal Age |
| 10:49 | Construir | House |
| 10:52 | Construir | House |
| 10:58 | Construir | House |
| 11:00 | Construir | House |
| 11:01 | Construir | House |
| 11:28 | Crear | Villager (Male) |
| 11:29 | Crear | Villager (Male) |
| 12:40 | Edad | Edad Feudal |
| 12:46 | Investigar | Horse Collar |
| 12:56 | Construir | Watch Tower |
| 13:01 | Investigar | Double-Bit Axe |
| 13:11 | Construir | Farm |
| 13:13 | Crear | Villager (Male) |
| 13:13 | Crear | Villager (Male) |
| 13:21 | Construir | Farm |
| 13:23 | Construir | Farm |
| 13:33 | Construir | Farm |
| 13:36 | Construir | Farm |
| 13:42 | Construir | Farm |
| 13:46 | Crear | Villager (Male) |
| 14:15 | Crear | Villager (Male) |
| 14:29 | Construir | Mining Camp |
| 14:56 | Crear | Villager (Male) |
| 14:57 | Crear | Villager (Male) |
| 15:00 | Crear | Villager (Male) |
| 15:20 | Construir | Barracks |
| 15:33 | Construir | Farm |
| 15:37 | Construir | Farm |
| 15:52 | Crear | Villager (Male) |
| 16:06 | Construir | Lumber Camp |
| 16:14 | Crear | Villager (Male) |
| 16:40 | Construir | Blacksmith |
| 16:58 | Construir | Blacksmith |
| 17:07 | Investigar | Wheelbarrow |
| 17:12 | Crear | Villager (Male) |
| 17:13 | Crear | Villager (Male) |
| 17:33 | Construir | Archery Range |
| 17:42 | Construir | Farm |
| 17:47 | Construir | Farm |
| 17:54 | Construir | Archery Range |
| 18:03 | Construir | Farm |
| 18:12 | Construir | Farm |
| 19:04 | Investigar | Castle Age |
| 19:20 | Construir | Mining Camp |
| 20:00 | Investigar | Fletching |
| 20:28 | Construir | Barracks |
| 20:36 | Construir | Archery Range |
| 20:52 | Crear | Villager (Male) |
| 20:53 | Crear | Villager (Male) |
| 20:53 | Crear | Villager (Male) |
| 20:54 | Crear | Villager (Male) |
| 20:54 | Crear | Villager (Male) |
| 21:06 | Investigar | Gold Mining |
| 21:43 | Investigar | Stone Mining |
| 21:44 | Edad | Edad de los Castillos |
| 21:46 | Investigar | Gold Mining |
| 21:49 | Investigar | Bow Saw |
| 22:24 | Construir | Town Center |
| 22:38 | Investigar | Wheelbarrow |
| 22:53 | Investigar | Heavy Plow |
| 23:59 | Construir | Stone Wall |
| 24:07 | Construir | Gate |
| 24:16 | Investigar | Man-at-Arms (upgrade) |
| 24:18 | Investigar | Squires |
| 24:19 | Investigar | Pikeman (upgrade) |
| 24:30 | Crear | Villager (Male) |
| 24:36 | Construir | Farm |
| 24:39 | Construir | Farm |
| 24:49 | Construir | Monastery |
| 24:52 | Construir | University |
| 25:05 | Investigar | Elite Skirmisher (upgrade) |
| 25:08 | Investigar | Long Swordsman (upgrade) |
| 25:15 | Crear | Villager (Male) |
| 25:16 | Crear | Villager (Male) |
| 25:18 | Crear | Villager (Male) |
| 25:18 | Crear | Villager (Male) |
| 25:23 | Construir | Farm |
| 25:37 | Crear | Monk |
| 26:09 | Construir | Town Center |
| 26:15 | Crear | Villager (Male) |
| 26:15 | Crear | Villager (Male) |
| 26:25 | Construir | Farm |
| 26:26 | Construir | Farm |
| 26:27 | Construir | Farm |
| 26:30 | Construir | Farm |
| 26:39 | Construir | Mill |
| 26:53 | Construir | Farm |
| 26:56 | Crear | Monk |
| 27:03 | Investigar | Bodkin Arrow |
| 27:24 | Crear | Villager (Male) |
| 27:24 | Crear | Villager (Male) |
| 27:25 | Crear | Villager (Male) |
| 27:27 | Crear | Villager (Male) |
| 27:27 | Crear | Villager (Male) |
| 27:27 | Crear | Villager (Male) |
| 27:38 | Construir | Farm |
| 27:46 | Crear | Villager (Male) |
| 27:46 | Crear | Villager (Male) |
| 28:06 | Construir | Farm |
| 28:29 | Investigar | Ballistics |
| 28:39 | Investigar | Murder Holes |
| 28:42 | Crear | Villager (Male) |
| 28:44 | Crear | Villager (Male) |
| 28:44 | Crear | Villager (Male) |
| 28:44 | Crear | Villager (Male) |
| 28:49 | Crear | Villager (Male) |
| 28:49 | Crear | Villager (Male) |
| 28:49 | Crear | Villager (Male) |
| 29:00 | Construir | Farm |
| 29:02 | Construir | Farm |
| 29:03 | Construir | Farm |
| 29:11 | Investigar | Long Swordsman (upgrade) |
| 29:14 | Investigar | Arson |
| 29:23 | Crear | Villager (Male) |
| 29:23 | Crear | Villager (Male) |
| 29:30 | Crear | Villager (Male) |
| 29:42 | Construir | Farm |
| 29:44 | Construir | Farm |
| 29:45 | Construir | Farm |
| 29:46 | Construir | Farm |
| 29:48 | Construir | Farm |
| 29:53 | Construir | Mill |
Cronología de la partida
| 1:23 | ricorerolulu · wall_segment Palisade Wall x6 |
| 2:49 | AER1985 · wall_segment Palisade Wall x9 |
| 10:31 | ricorerolulu · age_up feudal |
| 12:40 | AER1985 · age_up feudal |
| 15:20 | AER1985 · first_building Barracks |
| 17:33 | AER1985 · first_building Archery Range |
| 19:11 | ricorerolulu · age_up castle |
| 21:44 | AER1985 · age_up castle |
| 21:59 | ricorerolulu · first_building Castle |
| 23:59 | AER1985 · wall_segment Stone Wall x13 |
| 24:49 | AER1985 · first_building Monastery |
| 32:03 | ricorerolulu · first_market_sell 100 food |
| 32:07 | AER1985 · first_building Castle |
| 32:21 | ricorerolulu · age_up imperial |
| 34:16 | AER1985 · wall_segment Stone Wall x7 |
| 36:34 | AER1985 · age_up imperial |
| 36:55 | AER1985 · resign |
[ ANÁLISIS IA · 1 CRÉDITO ]
¿Qué pasó realmente en esta partida?
Wolo.gg analiza cada decisión: build order, eco, micro, errores típicos por bracket. Análisis personalizado por WhatsApp o Discord en 30 segundos.
Guía civ
Jemeres
Guía mapa
Black Forest
Perfil
ricorerolulu